cohdb
Replays
Latest Replays
All Replays
Popular Replays
Top Player Replays
Match Explorer
How It Works
Community
CoH3 Stats
Reddit
Sign in to upload your games and track your stats! →
Sign in with Steam
Match 40984524
Unlisted
Match 40984524
Overview
Messages
Build Orders
End
Construct Infanterie Kompanie
Pioneer Squad
Grenadier Squad
MG 42 Machine Gun Team
MG 42 Machine Gun Team
Construct Luftwaffe Kompanie
221 Scout Car
Selects Breakthrough Battlegroup
Selects Rapid Production
Medical Bunker
Jäger Squad
Support Elements
Wirbelwind Flakpanzer
MG 42 Machine Gun Team
Wirbelwind Flakpanzer
Side Skirts
Selects Assault Grenadiers
Selects Blitzkrieg
MG 42 Machine Gun Team
Blitzkrieg
Wirbelwind Flakpanzer
Selects Breakthrough
Selects Incendiary Bombing Run
Incendiary Bombing Run
Jäger Squad
Breakthrough
Incendiary Bombing Run
Construct Panzer Kompanie
Incendiary Bombing Run
Panzer IV Medium Tank
Blitzkrieg
Stoßtruppen Squad
六文钱
Wolfe
0
0
Comments
sign in to comment!
No comments posted yet!